Map: [ESL] Oceanborn

Players

Cham

  • Race: Zerg Zerg
  • Spawn Location: 5:00

trigger - Winner!

  • Race: Protoss Protoss
  • Spawn Location: 11:00

Event: ESL SC2 Masters 2024 Spring (Regional)

VOD

Have the link to the VOD?

Description

Time

  • Played on: May 2, 2024, 4:27 p.m.
  • Length: 16:20

All games in this series

Show
View Real Time Build Order
Export as new Build Order

Cham Zerg 

Build Orders: Hatch First 

Get SALT Encoding   

  12  0:00  Drone  
  13  0:12  Overlord  
  13  0:25  Drone  
  14  0:32  Drone  
  15  0:45  Hatchery  
  15  0:49  Drone  
  15  0:52  Drone  
  16  0:58  Drone  
  17  1:08  Drone  
  18  1:14  Spawning Pool  
  17  1:19  Extractor, Drone  
  17  1:29  Drone  
  18  1:39  Drone  
  19  1:49  Drone  
  20  2:01  Zergling x4, Queen x2  
  26  2:10  Drone  
  26  2:11  Overlord  
  27  2:19  Drone  
  28  2:29  Drone  
  29  2:32  Drone x2  
  31  2:42  Hatchery  
  30  2:47  Queen  
  32  2:51  Queen  
  32  2:56  Drone  
  32  2:57  Overlord  
  35  3:03  Zergling x2  
  36  3:09  Drone  
  36  3:17  Spore Crawler  
  34  3:21  Spore Crawler  
  34  3:22  Drone  
  34  3:23  Drone  
  34  3:25  Drone x3  
  39  3:29  Queen  
  39  3:31  Drone x2  
  44  3:35  Overlord  
  44  3:37  Overlord  
  44  3:43  Overlord  
  44  3:51  Metabolic Boost  
  44  3:53  Overlord, Queen  
  46  3:56  Drone  
  46  3:58  Drone  
  48  4:03  Queen  
  48  4:05  Drone  
  48  4:07  Drone x2  
  48  4:09  Drone  
  54  4:12  Drone x2  
  54  4:14  Drone  
  54  4:17  Drone x2  
  58  4:20  Overlord  
  58  4:22  Drone  
  60  4:25  Drone  
  60  4:31  Spore Crawler  
  60  4:37  Drone x5  
  60  4:38  Drone  
  65  4:44  Overlord  
  65  4:45  Overlord, Drone  
  66  4:47  Overlord  
  66  4:52  Overlord x2  
  67  4:56  Overlord  
  67  5:03  Drone  
  67  5:05  Drone x2  
  70  5:08  Lair  
  70  5:11  Extractor, Drone x3  
  70  5:12  Drone, Hatchery  
  72  5:15  Zergling x4  
  73  5:22  Drone x2  
  73  5:25  Zergling x8  
  73  5:26  Zergling x2  
  73  5:27  Drone  
  77  5:29  Drone x3  
  77  5:31  Drone  
  80  5:37  Roach Warren  
  79  5:43  Drone x2  
  79  5:44  Hatchery  
  79  5:45  Drone  
  81  5:52  Drone x3  
  81  5:53  Drone x2  
  86  5:57  Extractor x2  
  86  5:59  Drone x2, Extractor  
  86  6:00  Drone x3  
  88  6:05  Overlord  
  88  6:07  Drone  
  88  6:08  Hydralisk Den  
  88  6:09  Evolution Chamber  
  88  6:10  Zergling x2  
  88  6:11  Zergling x6  
  92  6:12  Overlord  
  92  6:16  Zergling x4  
  92  6:17  Zergling x2  
  93  6:20  Zergling x4  
  91  6:29  Overlord  
  93  6:35  Overlord  
  93  6:37  Hydralisk x5  
  93  6:38  Grooved Spines  
  99  6:41  Hydralisk  
  99  6:43  Hydralisk  
  105  6:48  Hydralisk  
  105  6:51  Spore Crawler  
  103  6:54  Drone  
  103  6:55  Drone x3  
  103  6:56  Drone  
  103  6:57  Drone  
  103  6:58  Drone x3  
  103  6:59  Drone  
  103  7:00  Hydralisk  
  109  7:10  Hydralisk x4  
  109  7:11  Hydralisk x2  
  117  7:16  Hydralisk x2  
  117  7:20  Hydralisk, Zergling x2  
  117  7:21  Zergling x4  
  126  7:24  Hydralisk x2  
  126  7:26  Spore Crawler  
  129  7:31  Hydralisk, Overlord  
  129  7:32  Hydralisk  
  133  7:37  Hydralisk  
  133  7:40  Hydralisk  
  137  7:46  Overlord, Spore Crawler  
  137  7:47  Hydralisk x2  
  134  7:53  Hydralisk  
  135  7:59  Hydralisk x2  
  135  8:02  Drone x11  
  150  8:07  Zergling x8  
  153  8:13  Hydralisk x3  
  153  8:15  Zergling x4  
  153  8:16  Zergling x2  
  156  8:23  Hydralisk x3  
  162  8:27  Overlord  
  162  8:28  Overlord  
  162  8:35  Overlord x2  
  153  8:42  Zerg Missile Weapons Level 1  
  153  8:45  Baneling Nest  
  153  8:47  Hydralisk x2  
  156  8:48  Zergling x6  
  156  8:51  Overlord x2  
  156  8:54  Overlord, Muscular Augments  
  158  8:56  Zergling x8  
  158  8:57  Zergling x2  
  158  8:58  Zergling x2  
  158  8:59  Zergling x4  
  158  9:00  Zergling x2  
  167  9:03  Drone x3  
  167  9:08  Zergling x2  
  170  9:13  Drone x3  
  170  9:14  Drone x2  
  175  9:20  Overlord x3  
  175  9:25  Overlord x3  
  175  9:26  Zergling x4  
  175  9:31  Baneling x12  
  175  9:32  Centrifugal Hooks  
  175  9:39  Zergling x2, Overlord  
  175  9:40  Zergling x10  
  175  9:44  Spore Crawler  
  180  9:46  Baneling x4  
  180  9:47  Baneling x6  
  180  9:50  Spore Crawler  
  180  9:51  Zergling x6  
  180  9:52  Zergling x2  
  183  9:54  Spore Crawler  
  181  10:03  Baneling x4  
  181  10:04  Zergling x2, Baneling x6  
  181  10:05  Zergling x12  
  181  10:07  Zergling x2  
  170  10:25  Drone x2  
  170  10:28  Infestation Pit, Drone x2  
  170  10:29  Drone x11  
  170  10:33  Zergling x2  
  177  10:36  Baneling x4  
  177  10:37  Zergling x2, Baneling x2  
  177  10:38  Baneling x9  
  177  10:39  Zergling x2  
  177  10:40  Zergling x4  
  177  10:43  Zergling x2  
  177  10:46  Baneling x4  
  177  10:48  Zergling x4  
  179  10:56  Hydralisk x3  
  168  10:59  Hydralisk x2  
  159  11:05  Hydralisk x2  
  159  11:07  Zergling x2  
  159  11:10  Hydralisk  
  143  11:11  Zergling x2  
  143  11:14  Zergling x4  
  142  11:19  Zergling x2  
  142  11:20  Hydralisk x2  
  142  11:21  Queen x2  
  142  11:23  Extractor  
  142  11:24  Extractor  
  142  11:25  Zerg Melee Weapons Level 1  
  151  11:26  Zergling x6  
  151  11:31  Zergling x4  
  156  11:35  Zergling x4  
  156  11:36  Hive  
  156  11:37  Zergling x2, Queen  
  159  11:42  Baneling x4  
  159  11:43  Zergling x2  
  159  11:44  Zergling x2  
  159  11:45  Zergling x4, Queen  
  165  11:50  Hydralisk x2, Zergling x2  
  165  11:51  Zergling x2  
  165  11:53  Hydralisk  
  173  11:55  Zergling x4  
  173  12:00  Zergling x6  
  173  12:01  Zergling x4  
  171  12:07  Baneling x6  
  165  12:08  Zergling x4  
  165  12:10  Drone x4  
  165  12:11  Drone  
  155  12:19  Extractor, Spire  
  151  12:25  Extractor, Drone x3  
  151  12:26  Extractor  
  151  12:27  Drone x3  
  151  12:29  Queen  
  147  12:31  Drone  
  147  12:33  Drone x3  
  147  12:36  Baneling x7  
  148  12:41  Zergling x12  
  154  12:46  Drone  
  154  12:49  Adrenal Glands, Drone  
  154  12:50  Drone x2, Hatchery  
  154  12:51  Zergling x8  
  160  12:52  Baneling x9  
  160  12:53  Zergling x6, Baneling  
  164  12:58  Hydralisk x3  
  164  13:00  Hatchery  
  164  13:02  Zergling x6  
  170  13:06  Hydralisk x2  
  170  13:07  Zergling x2  
  170  13:09  Zergling x2  
  172  13:27  Zergling x2  
  172  13:28  Zergling x16, Hatchery  
  172  13:29  Baneling x4  
  172  13:30  Baneling  
  172  13:33  Greater Spire  
  169  13:42  Baneling x5  
  169  13:44  Zergling x2  
  169  13:45  Zergling x8  
  169  13:48  Drone x3  
  173  13:49  Drone x2  
  173  13:50  Drone x4  
  173  13:53  Corruptor  
  179  14:02  Corruptor x2  
  183  14:05  Corruptor  
  183  14:07  Corruptor  
  183  14:12  Corruptor  
  183  14:15  Corruptor  
  181  14:50  Brood Lord x3  
  181  14:51  Brood Lord  
  181  14:52  Brood Lord  
  170  14:54  Brood Lord  
  170  14:56  Hydralisk x3  
  163  15:02  Hydralisk x6  
  163  15:03  Hydralisk x4  
  150  15:14  Hydralisk  
  150  15:15  Hydralisk  
  140  15:26  Spawning Pool  
  132  15:31  Corruptor  
  118  15:44  Mutalisk  
  110  15:50  Corruptor x3  
  94  15:59  Drone x3  
Show
View Real Time Build Order
Export as new Build Order

trigger Protoss - Winner!

Build Orders: 1 Gate Expand, Oracle Opening, Phoenix Opening, Mass Phoenix 

Get SALT Encoding   

  12  0:00  Probe  
  13  0:14  Pylon  
  13  0:17  Probe (Chrono Boost)  
  14  0:26  Probe (Chrono Boost)  
  15  0:31  Probe (Chrono Boost)  
  16  0:40  Gateway  
  16  0:43  Probe  
  16  0:47  Assimilator  
  17  0:55  Probe  
  18  1:07  Probe  
  19  1:20  Nexus  
  19  1:31  Cybernetics Core  
  19  1:34  Probe  
  20  1:41  Assimilator  
  20  1:46  Probe  
  21  1:52  Pylon  
  21  1:58  Probe  
  22  2:07  Adept (Chrono Boost)  
  22  2:10  Probe  
  25  2:19  Stargate  
  25  2:23  Probe  
  25  2:27  Adept (Chrono Boost)  
  26  2:33  Warp Gate, Probe  
  26  2:36  Probe  
  30  2:45  Probe  
  30  2:48  Probe  
  30  2:50  Adept  
  34  2:57  Probe  
  35  3:01  Phoenix (Chrono Boost), Probe  
  38  3:09  Probe  
  37  3:15  Probe  
  38  3:21  Probe  
  38  3:28  Nexus  
  38  3:31  Oracle (Chrono Boost)  
  40  3:35  Probe x2  
  40  3:40  Pylon  
  42  3:47  Probe  
  43  3:50  Probe  
  44  3:57  Gateway  
  44  3:59  Probe  
  44  4:00  Phoenix (Chrono Boost)  
  44  4:02  Probe  
  48  4:05  Assimilator  
  48  4:07  Assimilator  
  48  4:11  Probe  
  48  4:15  Probe  
  50  4:21  Pylon  
  50  4:23  Probe, Shield Battery, Adept  
  53  4:28  Probe  
  54  4:39  Phoenix (Chrono Boost)  
  54  4:41  Stargate, Probe (Chrono Boost)  
  54  4:44  Probe (Chrono Boost)  
  54  4:45  Probe (Chrono Boost)  
  59  4:46  Adept  
  59  4:51  Probe (Chrono Boost), Adept  
  66  4:53  Probe (Chrono Boost)  
  66  4:54  Probe (Chrono Boost)  
  66  4:57  Probe  
  67  5:01  Pylon, Phoenix (Chrono Boost)  
  67  5:03  Probe  
  70  5:09  Probe  
  70  5:10  Probe  
  72  5:15  Pylon, Probe  
  72  5:16  Assimilator  
  72  5:19  Phoenix (Chrono Boost)  
  75  5:22  Probe x2  
  75  5:27  Probe  
  75  5:28  Phoenix (Chrono Boost)  
  74  5:33  Forge  
  74  5:34  Probe x2  
  76  5:36  Adept x2  
  76  5:40  Phoenix (Chrono Boost), Probe  
  83  5:46  Pylon, Probe x2  
  85  5:51  Phoenix  
  85  5:52  Probe  
  88  6:00  Robotics Facility x2, Probe  
  88  6:01  Pylon  
  89  6:04  Phoenix  
  89  6:07  Probe x2  
  89  6:09  Assimilator  
  93  6:12  Zealot x2  
  93  6:14  Shield Battery  
  95  6:19  Phoenix  
  93  6:31  Phoenix  
  95  6:34  Photon Cannon  
  95  6:35  Photon Cannon  
  95  6:36  Zealot x2  
  99  6:40  Photon Cannon  
  99  6:46  Phoenix, Photon Cannon  
  101  6:48  Probe x2  
  107  6:54  Immortal (Chrono Boost)  
  107  7:01  Zealot  
  107  7:07  Pylon  
  107  7:17  Immortal (Chrono Boost)  
  107  7:22  Twilight Council  
  109  7:23  Photon Cannon  
  109  7:24  Gateway  
  109  7:26  Photon Cannon, Gateway  
  109  7:27  Sentry x2  
  109  7:28  Pylon  
  113  7:30  Immortal (Chrono Boost)  
  117  7:43  Pylon  
  117  7:46  Pylon  
  117  7:47  Immortal  
  121  7:52  Protoss Ground Weapons Level 1 (Chrono Boost)  
  119  8:02  Immortal  
  119  8:04  Shield Battery  
  123  8:06  Photon Cannon  
  123  8:12  Charge, Shield Battery  
  123  8:13  Templar Archives, Photon Cannon  
  123  8:21  Zealot x2  
  123  8:23  Zealot x2  
  123  8:26  Immortal  
  135  8:27  Shield Battery  
  135  8:29  Pylon  
  133  8:42  Immortal  
  133  8:43  Sentry x2  
  133  8:44  Zealot, Psionic Storm  
  141  8:48  Pylon  
  141  8:57  High Templar  
  141  8:59  Gateway  
  141  9:02  Gateway  
  143  9:06  Immortal (Chrono Boost)  
  143  9:09  High Templar x3  
  153  9:18  Pylon  
  153  9:19  Pylon, Immortal (Chrono Boost)  
  157  9:35  Pylon  
  157  9:36  Pylon  
  157  9:37  Pylon  
  157  9:40  Pylon, Immortal (Chrono Boost)  
  161  9:45  Protoss Shields Level 1 (Chrono Boost)  
  161  9:47  Zealot x4  
  161  9:52  Observer (Chrono Boost)  
  169  9:57  High Templar x2  
  174  10:02  Nexus  
  174  10:05  Archon  
  174  10:06  Pylon  
  174  10:09  Pylon  
  156  10:22  High Templar x3  
  156  10:27  Archon  
  156  10:35  Immortal x2  
  162  10:36  Zealot x3  
  162  10:38  Shield Battery  
  162  10:39  Photon Cannon  
  162  10:40  Photon Cannon  
  162  10:42  Photon Cannon  
  165  10:56  Archon  
  157  11:03  Zealot x5  
  157  11:04  Zealot  
  124  11:14  Immortal (Chrono Boost)  
  124  11:15  Immortal (Chrono Boost)  
  128  11:25  High Templar x4  
  136  11:30  Zealot x2  
  140  11:37  Nexus  
  139  11:44  Gateway  
  139  11:47  Warp Prism (Chrono Boost)  
  139  11:48  Immortal (Chrono Boost)  
  145  12:01  Nexus  
  145  12:02  Zealot x6  
  146  12:21  Immortal (Chrono Boost)  
  146  12:26  Protoss Ground Weapons Level 2 (Chrono Boost)  
  146  12:29  Observer  
  142  12:31  Nexus  
  142  12:33  High Templar x5  
  142  12:35  High Templar  
  148  12:38  Archon x2  
  148  12:39  Archon  
  148  12:41  Pylon  
  146  12:44  Immortal (Chrono Boost)  
  146  12:46  Forge  
  150  12:56  Pylon  
  150  13:08  Zealot x3  
  150  13:11  High Templar  
  150  13:12  Zealot, High Templar  
  158  13:16  Observer, Archon  
  158  13:21  Zealot  
  158  13:24  Shield Battery  
  158  13:26  Photon Cannon  
  160  13:33  Observer (Chrono Boost)  
  160  13:34  Zealot x4  
  163  13:48  Zealot x3  
  157  13:49  Immortal (Chrono Boost)  
  157  13:51  Protoss Ground Armor Level 1 (Chrono Boost)  
  157  13:56  Observer (Chrono Boost)  
  158  14:05  High Templar x4  
  158  14:09  Archon x2  
  158  14:11  Zealot x3  
  164  14:22  Assimilator  
  164  14:23  Assimilator, Immortal  
  164  14:24  Blink (Chrono Boost)  
  168  14:25  Gateway  
  168  14:33  Zealot x2  
  168  14:35  Zealot  
  164  14:53  High Templar x3  
  164  14:56  Phoenix x2  
  171  15:02  Archon  
  171  15:05  Zealot x2  
  166  15:19  Nexus  
  166  15:21  Phoenix  
  158  15:42  Phoenix  
  149  15:53  Zealot x4  
  149  15:56  Cybernetics Core  
  157  16:05  Gateway  
  157  16:07  Cybernetics Core  
Tags
 
Add a new tag
Caveats
  • Supply blocks, unpowered buildings, or Contaminate may cause inaccurate times.
  • Supply counts are checked every 10 seconds.